 Dungeon Crawl Stone Soup version 0.30-a0-723-gc1506a1cf0 (webtiles) character file.

Game seed: 3782475488667278845

13535 PriceMaster the Arsonist (level 12, -30/63 HPs)
             Began as an Octopode Fire Elementalist on Jan 28, 2023.
             Was an Elder of Hepliaklqana.
             Annihilated by an orc knight
             ... wielding a +0 broad axe
              (41 damage)
             ... on level 1 of the Orcish Mines.
             The game lasted 01:01:47 (16858 turns).

PriceMaster the Arsonist (OpFE)                    Turns: 16858, Time: 01:01:48

Health: -30/63     AC:  1    Str:  8    XL:     12   Next: 7%
Magic:  0/26       EV:  8    Int: 27    God:    Hepliaklqana [****..]
Gold:   1440       SH: 28    Dex: 17    Spells: 18/31 levels left

rFire   + + .      SeeInvis .    u - +2 war axe "Egg" {heavy, rF+ Str+2}
rCold   . . .      Faith    .    b - +18 shield of the Gong {Loud rElec rN+ Will+ EV-5}
rNeg    + . .      Spirit   +    (helmet restricted)
rPois   +          Reflect  .    A - amulet of guardian spirit
rElec   +          Harm     .    a - ring of poison resistance
rCorr   .          Rampage  .    e - +6 ring of intelligence
Will    +....                    K - ring of protection from fire
Stlth   ++++                     (no ring)
HPRegen 0.30/turn                (no ring)
MPRegen 0.20/turn                (no ring)
                                 (no ring)
                                 (no ring)

@: about to teleport
A: reduced essence, almost no armour, amphibious, 8 rings, camouflage 1,
gelatinous body 1, (nimble swimmer 1), tentacles, agile 1, evolution 1
a: Renounce Religion, Recall Ancestor, Ancestor Identity, Transference, Idealise


You were on level 1 of the Orcish Mines.
You worshipped Hepliaklqana.
Hepliaklqana was greatly pleased with you.
You visited 3 branches of the dungeon, and saw 12 of its levels.
You also visited: Sewer.

You collected 1560 gold pieces.
You spent 120 gold pieces at shops.

Inventory:

Hand Weapons
 c - a +4 dire flail
 j - a +3 dagger of speed
 u - the +2 war axe "Egg" (weapon) {heavy, rF+ Str+2}
   (You found it on level 9 of the Dungeon)

   Str:       It affects your strength (+2).
   rF:        It protects you from fire.
Missiles
 r - 12 boomerangs
Armour
 b - the +18 shield of the Gong (worn) {Loud rElec rN+ Will+ EV-5}
   (You acquired it on level 5 of the Dungeon)

   Loud:      It is deafeningly noisy when blocking attacks.
   EV:        It affects your evasion (-5).
   rElec:     It insulates you from electricity.
   rN:        It protects you from negative energy.
   Will:      It increases your willpower.
 m - an orb of energy
Jewellery
 a - a ring of poison resistance (left tentacle)
 e - a +6 ring of intelligence (right tentacle)
 p - an amulet of regeneration
 x - an amulet of magic regeneration
 A - an amulet of guardian spirit (around mantle)
 K - a ring of protection from fire (on tentacle)
Wands
 g - a wand of light (7)
 o - a wand of digging (4)
 q - a wand of mindburst (10)
 v - a wand of polymorph (5)
Scrolls
 h - a scroll of immolation
 i - 4 scrolls of magic mapping
 l - a scroll of teleportation
 n - a scroll of enchant weapon
 C - 2 scrolls of fog
 E - a scroll of amnesia
Potions
 d - a potion of brilliance
 f - a potion of berserk rage
 s - 2 potions of flight
 t - a potion of curing
 w - 2 potions of attraction
 F - 2 potions of cancellation
 I - a potion of magic


   Skills:
 + Level 1.9 Fighting
 + Level 3.1 Short Blades
 + Level 0.3 Axes
 + Level 0.1(0.2) Maces & Flails
 + Level 3.6 Dodging
 + Level 6.4 Stealth
 + Level 4.9 Shields
 + Level 0.2 Unarmed Combat
 + Level 10.4 Spellcasting
 + Level 7.3 Conjurations
 + Level 3.0 Hexes
 + Level 0.3 Translocations
 + Level 10.9 Fire Magic
 + Level 0.4 Air Magic
 + Level 0.3 Evocations


You had 18 spell levels left.
You knew the following spells:

 Your Spells              Type           Power      Damage    Failure   Level
a - Foxfire               Conj/Fire      100%       2x1d9     1%          1
b - Scorch                Fire           100%       2d10      1%          2
c - Inner Flame           Hex/Fire       51%        N/A       1%          3
d - Flame Wave            Conj/Fire      59%        2d14      2%          4
e - Kindle Blastsparks    Fire/Tloc/Air  70%        2d15      7%          3

Your spell library contained the following spells:

 Spells                   Type           Power      Damage    Failure   Level
 Magic Dart               Conj           100%       1d8       1%          1
 Hailstorm                Conj/Ice       33%        3d8       8%          3
 Ensorcelled Hibernation  Hex/Ice        44%        N/A       10%         2
 Freeze                   Ice            56%        1d7       12%         1
 Mephitic Cloud           Conj/Pois/Air  28%        N/A       12%         3
 Call Imp                 Summ           14%        N/A       17%         2
 Portal Projectile        Hex/Tloc       46%        N/A       17%         3
 Summon Guardian Golem    Hex/Summ       22%        N/A       19%         3
 Frozen Ramparts          Ice            28%        1d5       34%         3
 Spider Form              Tmut/Pois      14%        N/A       34%         3
 Anguish                  Hex/Necr       11%        N/A       52%         4
 Summon Mana Viper        Hex/Summ       22%        N/A       86%         5
 Summon Forest            Summ/Tloc      7%         N/A       96%         5
 Orb of Destruction       Conj           26%        9d9       99%         7
 Summon Cactus Giant      Summ           7%         N/A       100%        6
 Spellforged Servitor     Conj/Summ      16%        N/A       100%        7
 Death's Door             Necr           7%         N/A       100%        9


Dungeon Overview and Level Annotations

Branches:
Dungeon (9/15)             Temple (1/1) D:6             Orc (2/2) D:9
  Sewer (visited)
   Lair: D:8-11         Elf: Orc:2

Altars:
Ashenzari
Cheibriados
Dithmenos
Elyvilon
Fedhas
Hepliaklqana
Okawaru
Vehumet
Wu Jian
Xom
Zin
The Shining One

Shops:
D:2 ?


Innate Abilities, Weirdness & Mutations

Your life essence is reduced to manifest your ancestor. (-10% HP)
You cannot wear most types of armour.
You are amphibious.
You can wear up to eight rings at the same time.
Your skin changes colour to match your surroundings (Stealth+).
Your rubbery body absorbs attacks. (AC +1, EV +1)
((You are camouflaged when in or above water. (Stealth+)))
You have tentacles for arms and can constrict up to eight enemies at once.
You are agile. (Dex +4, Str/Int -1)
You have hidden genetic potential.


Message History

You block the orc knight's attack.
GONNNNG!
You hear a shout!
There is a stone staircase leading up, spattered with blood here.
The orc knight hits you with a +0 broad axe!
The orc knight roars a battlecry!
The orcs go into a battle-frenzy!
You block the orc knight's attack.
PTOANNNG!
You block the orc high priest's attack.
PTOANNNG!
The orc priest invokes the aid of Beogh against you.
Beogh smites you!
The orc knight roars a battlecry!
The orcs go into a battle-frenzy!
You hear a shout! x3
You climb upwards.
There is a stone staircase leading down, spattered with blood here.
Okay, then.
Really read the scroll of immolation?
As you read the scroll of immolation, it crumbles to dust.
The creatures around you are filled with an inner flame!
The orc priest looks satisfied for a moment.
The orc high priest prays to Beogh.
You block the orc knight's attack.
PTOANNNG!
The orc knight hits you with a +0 broad axe!!!
* * * LOW HITPOINT WARNING * * *
Okay, then.
Okay, then.
Casting: Scorch (safe; 1% risk of failure)
Confirm with . or Enter, or press ? or * to list all spells.
Okay, then.
As you read the scroll of teleportation, it crumbles to dust.
You feel strangely unstable. You block the orc priest's attack.
PANG!
You block the orc high priest's attack.
GONNNNG!
The orc knight hits you with a +0 broad axe!!!
Ouch! That really hurt!
You die...

#...#.#.......[....##.
#...........[)........
##.#........#.........
##...#....)........#.
#...##.............##
##.##.#...........##
#..................#
##..ooo............##
#...R@.4..........##
##..$o..#..#.......#
##....#...........#
##......#...#.##..##
#......###......###
##.#..#.###.#....#
##......###.^..##
#........###.###
###....#...####


You could see the friendly Zubbie the hexer (inner flame), 2 orc knights, an orc
high priest (inner flame, strong), a rust devil (summoned) and an orc priest
(inner flame, strong).

Vanquished Creatures
  The ghost of Runaock the Devastator, a journeyman DECj of Sif Muna (Orc:1)
  2 two-headed ogres
  2 orc high priests (Orc:1)
  An orc knight (Orc:2)
  Maurice (D:8)
  2 trolls
  The ghost of ASSMAN the Insei, an amateur DsBe of Trog (D:5)
  A hornet (D:9)
  A shadow (D:9)
  6 yaks (D:9)
  A steam dragon (D:8)
  A warg (Orc:1)
  A water moccasin (D:6)
  A black bear (D:4)
  2 ice beasts
  15 orc warriors
  7 ogres
  2 bullfrogs (D:8)
  3 kobold brigands
  A gnoll sergeant (D:7)
  A necrophage (D:3)
  A scorpion (D:6)
  14 wights
  4 killer bees (D:7)
  A howler monkey (D:4)
  12 orc priests
  Ijyb (D:3)
  Jessica (D:2)
  A gnoll bouda (Orc:1)
  An iguana (D:4)
  Natasha (thrice) (D:2)
  11 orc wizards
  6 gnolls
  16 adders
  10 river rats
  2 shadow imps
  2 ufetubi (D:6)
  8 worms
  A dart slug (D:3)
  34 orcs
  3 endoplasms
  6 giant cockroaches
  3 hobgoblins
  2 jackals (D:5)
  17 kobolds
  11 quokkas
  10 ball pythons
  3 bats (D:3)
  2 frilled lizards
  7 goblins
  22 rats
268 creatures vanquished.

Vanquished Creatures (collateral kills)
  The ghost of Esekla the Trooper, a novice FoCA of Ignis (D:5)
  A hornet (D:8)
  A warg (Orc:1)
  An acid dragon (D:9)
  A water moccasin (D:7)
  A black bear (D:6)
  4 orc warriors
  A sky beast (D:7)
  2 ice beasts (D:6)
  3 ogres
  A phantom (D:6)
  2 kobold brigands
  2 wights (D:7)
  4 killer bees (D:7)
  A hound (D:6)
  4 orc priests
  2 iguanas
  5 orc wizards
  2 adders
  A gnoll (D:5)
  A white imp (D:6)
  A worm (D:5)
  A dart slug (D:5)
  16 orcs
  2 ball pythons
  An endoplasm (D:3)
  A jackal (D:5)
  A quokka (D:3)
  A frilled lizard (D:3)
  3 kobolds
  A rat (D:5)
69 creatures vanquished.

Vanquished Creatures (others)
  8 hexers
  938 foxfires
  5 fungi
  42 plants (D:6)
993 creatures vanquished.

Grand Total: 1330 creatures vanquished

Notes
Turn   | Place    | Note
-------+----------+-------------------------------------------
     0 | D:1      | PriceMaster the Octopode Fire Elementalist began the quest
                  | for the Orb.
     0 | D:1      | Reached XP level 1. HP: 11/11 MP: 3/3
   188 | D:1      | Reached XP level 2. HP: 17/17 MP: 1/5
   191 | D:1      | Learned a level 2 spell: Scorch
   980 | D:2      | Reached XP level 3. HP: 10/21 MP: 1/6
  1110 | D:2      | Found Muon's Magic Scroll Shop.
  1117 | D:2      | Noticed Natasha
  1121 | D:2      | Killed Natasha
  1122 | D:2      | Reached XP level 4. HP: 27/27 MP: 1/7
  1178 | D:2      | Bought a scroll of identify for 24 gold pieces
  1178 | D:2      | Bought a scroll of identify for 24 gold pieces
  1491 | D:2      | Noticed Natasha
  1504 | D:2      | Killed Natasha
  1551 | D:2      | Noticed Natasha
  1557 | D:2      | Killed Natasha
  1558 | D:2      | Reached XP level 5. HP: 31/31 MP: 2/9
  1936 | D:2      | Noticed Jessica
  1939 | D:2      | Killed Jessica
  2285 | D:3      | Reached XP level 6. HP: 36/36 MP: 1/11
  2625 | D:3      | Found a faded altar of an unknown god.
  2671 | D:3      | Prayed at the altar of an unknown god.
  2671 | D:3      | Became a worshipper of Hepliaklqana the Forgotten
  2671 | D:3      | Reached * piety under Hepliaklqana
  3342 | D:3      | Noticed Ijyb
  3355 | D:3      | Killed Ijyb
  3356 | D:3      | Reached skill level 5 in Stealth
  3872 | D:4      | Reached skill level 5 in Fire Magic
  3872 | D:4      | Reached XP level 7. HP: 36/36 MP: 7/13
  3914 | D:4      | Reached ** piety under Hepliaklqana
  3915 | D:4      | Remembered your ancestor Zubbie as a hexer
  4037 | D:4      | Learned a level 3 spell: Inner Flame
  4048 | D:4      | Reached skill level 1 in Short Blades
  5222 | D:5      | Entered Level 5 of the Dungeon
  5364 | D:5      | Reached XP level 8. HP: 42/42 MP: 15/15
  5410 | D:5      | Found a glowing drain.
  5435 | Sewer    | Entered a sewer
  5932 | Sewer    | Reached skill level 5 in Spellcasting
  6453 | D:5      | Reached *** piety under Hepliaklqana
  6912 | D:5      | Found a runed translucent gate.
  6913 | D:5      | Found a runed translucent gate.
  6914 | D:5      | Found a runed translucent gate.
  6915 | D:5      | Noticed ASSMAN's ghost (amateur DsBe)
  6915 | D:5      | Noticed Esekla's ghost (novice FoCA)
  6916 | D:5      | Found a blossoming altar of Fedhas.
  6945 | D:5      | Identified 2 scrolls of acquirement
  6946 | D:5      | Acquired 690 gold pieces
  6948 | D:5      | Acquired the +18 shield of the Gong {Loud rElec rN+ Will+
                  | EV-5}
  6948 | D:5      | Found the +18 shield of the Gong {Loud rElec rN+ Will+
                  | EV-5}
  6967 | D:5      | Killed ASSMAN's ghost
  6981 | D:5      | Killed Esekla's ghost
  6982 | D:5      | Reached XP level 9. HP: 34/46 MP: 1/18
  7462 | D:6      | Reached skill level 1 in Hexes
  7614 | D:6      | Found a staircase to the Ecumenical Temple.
  7785 | D:6      | Reached skill level 1 in Shields
  8673 | D:2      | Bought a scroll of identify for 24 gold pieces
  8673 | D:2      | Bought a scroll of identify for 24 gold pieces
  8673 | D:2      | Bought a scroll of identify for 24 gold pieces
  8759 | Temple   | Entered the Ecumenical Temple
  8796 | D:7      | Reached skill level 1 in Fighting
  9854 | D:6      | Learned a level 4 spell: Flame Wave
 10173 | D:7      | Reached XP level 10. HP: 51/54 MP: 9/20
 10196 | D:7      | Reached skill level 5 in Conjurations
 10677 | D:7      | Found an iron altar of Okawaru.
 10678 | D:7      | Found a glowing golden altar of the Shining One.
 10680 | D:7      | Found a shadowy altar of Dithmenos.
 10680 | D:7      | Found a radiant altar of Vehumet.
 10681 | D:7      | Found a glowing silver altar of Zin.
 10991 | D:8      | Found a broken altar of Ashenzari.
 11016 | D:8      | Noticed Maurice
 11028 | D:8      | Noticed a two-headed ogre
 11178 | D:8      | Killed a two-headed ogre
 11441 | D:8      | Killed Maurice
 12307 | D:9      | Got the Meditations on Disjunct Unholy Rites
 12386 | D:9      | Reached **** piety under Hepliaklqana
 12761 | D:9      | Found an ornate altar of the Wu Jian Council.
 12845 | D:9      | Identified the +2 war axe "Egg" {heavy, rF+ Str+2}
 12914 | D:9      | Found a staircase to the Orcish Mines.
 12997 | D:9      | Reached XP level 11. HP: 57/57 MP: 16/23
 13444 | Orc:1    | Entered Level 1 of the Orcish Mines
 13677 | Orc:1    | Found a runed translucent door.
 13683 | Orc:1    | Noticed Runaock's ghost (journeyman DECj)
 14005 | Orc:1    | Noticed an orc high priest
 14007 | Orc:1    | Noticed a two-headed ogre
 14009 | Orc:1    | Killed an orc high priest
 14010 | Orc:1    | Reached skill level 10 in Fire Magic
 14025 | Orc:1    | Killed a two-headed ogre
 14960 | Orc:1    | Learned a level 3 spell: Kindle Blastsparks
 15402 | Orc:1    | Killed Runaock's ghost
 15403 | Orc:1    | Reached skill level 10 in Spellcasting
 15440 | Orc:2    | Entered Level 2 of the Orcish Mines
 15455 | Orc:2    | Noticed an orc knight
 15466 | Orc:2    | Noticed an orc sorcerer
 15470 | Orc:2    | Noticed a sun demon
 15473 | Orc:2    | Noticed an orc warlord
 15829 | Orc:2    | Noticed an orc knight
 16235 | Orc:2    | Noticed an orc high priest
 16240 | Orc:2    | Killed an orc knight
 16240 | Orc:2    | Noticed an orc high priest
 16244 | Orc:2    | Noticed a sun demon
 16253 | Orc:1    | Killed an orc high priest
 16254 | Orc:1    | Reached XP level 12. HP: 24/63 MP: 1/26
 16482 | Orc:1    | Gained mutation: You occasionally lose the ability to read
                  | scrolls when taking damage. [potion of mutation]
 16482 | Orc:1    | Gained mutation: You are agile. (Dex +4, Str/Int -1)
                  | [potion of mutation]
 16483 | Orc:1    | Lost mutation: You are agile. (Dex +4, Str/Int -1) [potion
                  | of mutation]
 16483 | Orc:1    | Lost mutation: You occasionally lose the ability to read
                  | scrolls when taking damage. [potion of mutation]
 16483 | Orc:1    | Gained mutation: Your mind is acute. (Int +4, Str/Dex -1)
                  | [potion of mutation]
 16484 | Orc:1    | Lost mutation: Your mind is acute. (Int +4, Str/Dex -1)
                  | [potion of mutation]
 16484 | Orc:1    | Gained mutation: You are vulnerable to heat. (rF-) [potion
                  | of mutation]
 16484 | Orc:1    | Gained mutation: Your flesh is cold resistant. (rC+)
                  | [potion of mutation]
 16484 | Orc:1    | Gained mutation: Your natural rate of healing is unusually
                  | fast. [potion of mutation]
 16485 | Orc:1    | Lost mutation: Your natural rate of healing is unusually
                  | fast. [potion of mutation]
 16485 | Orc:1    | Lost mutation: You are vulnerable to heat. (rF-) [potion of
                  | mutation]
 16485 | Orc:1    | Lost mutation: Your flesh is cold resistant. (rC+) [potion
                  | of mutation]
 16485 | Orc:1    | Gained mutation: You are somewhat resistant to further
                  | mutation. [potion of mutation]
 16486 | Orc:1    | Lost mutation: You are somewhat resistant to further
                  | mutation. [potion of mutation]
 16486 | Orc:1    | Gained mutation: Your spells are a little easier to cast,
                  | but a little less powerful. [potion of mutation]
 16486 | Orc:1    | Gained mutation: You are vulnerable to cold. (rC-) [potion
                  | of mutation]
 16487 | Orc:1    | Lost mutation: Your spells are a little easier to cast, but
                  | a little less powerful. [potion of mutation]
 16487 | Orc:1    | Lost mutation: You are vulnerable to cold. (rC-) [potion of
                  | mutation]
 16487 | Orc:1    | Gained mutation: Your spells are a little harder to cast,
                  | but a little more powerful. [potion of mutation]
 16488 | Orc:1    | Lost mutation: Your spells are a little harder to cast, but
                  | a little more powerful. [potion of mutation]
 16488 | Orc:1    | Gained mutation: You have hidden genetic potential. [potion
                  | of mutation]
 16488 | Orc:1    | Gained mutation: You are agile. (Dex +4, Str/Int -1)
                  | [potion of mutation]
 16855 | Orc:2    | Noticed an orc high priest
 16858 | Orc:1    | Annihilated by an orc knight

Illustrated notes

Levels and vault maps discovered:
D:1:      ncdulo_wetmaze, layout_basic
D:2:      layout_rooms, serial_shops, nicolae_shop_advertising_works
          [nicolae_subvault_shop_adworks], minmay_statues_item, uniq_jessica,
          uniq_natasha
D:3:      minmay_chambers_of_threes, layout_basic,
          dreamdust_ecumenical_altar_grove, uniq_ijyb
D:4:      layout_cave_pools
D:5:      layout_gridville, fedhas_altar_3, portal_sewer_entry_a,
          gammafunk_ghost_cemetery, hangedman_decor_opposing, dk_noncrumbling_3
D:6:      lemuel_ratsnest, layout_rooms, minmay_temple_entry_tees,
          serial_bayou_lagoon_a
D:7:      layout_loops_ring, grunt_temple_overflow_open
D:8:      layout_cave_pools, cheibrodos_ashenzari_chains, minmay_curled_crystal,
          kennysheep_generic_room_14, uniq_maurice
D:9:      layout_gridville, mainiacjoe_overflow_chevrons, orc_0_dummy
Temple:   zaba_magenta_temple
Orc:1:    layout_caves, ebering_ghost_inner_flame, minmay_orc_temple_c
Orc:2:    grunt_orc_gardens, layout_caves, grunt_orc_garden, grunt_orc_garden,
          grunt_orc_garden, grunt_orc_garden, library_closet

Skill      XL: |  1  2  3  4  5  6  7  8  9 10 11 |
---------------+----------------------------------+-----
Stealth        | 3 4 5 6 |  6.4
Fire Magic     | 4 5 7 9 10 | 10.9
Spellcasting   | 3 4 6 7 8 10 | 10.4
Conjurations   | 2 3 4 6 7 |  7.3
Short Blades   | 1 2 3 |  3.1
Hexes          | 2 3 |  3.0
Shields        | 3 4 |  4.9
Fighting       | 1 |  1.9
Dodging        | 3 |  3.6
Axes           | |  0.3
Maces & Flails | |  0.1
Unarmed Combat | |  0.2
Translocations | |  0.3
Air Magic      | |  0.4
Evocations     | |  0.3

Action                     |  1- 3 |  4- 6 |  7- 9 | 10-12 || total
---------------------------+-------+-------+-------+-------++-------
  Melee: Unarmed           |    16 |       |       |       ||    16
         Constrict         |     9 |     8 |    23 |     9 ||    49
         Tentacles         |     6 |     6 |    41 |    10 ||    63
         Whip              |     6 |       |       |       ||     6
         Dagger            |       |    31 |   123 |    19 ||   173
         Punch             |       |       |     2 |       ||     2
         War axe           |       |       |       |    18 ||    18
   Cast: Foxfire           |    22 |    84 |   173 |   291 ||   570
         Scorch            |     5 |    17 |    37 |    52 ||   111
         Inner Flame       |       |       |    13 |    34 ||    47
         Flame Wave        |       |       |       |     6 ||     6
         Kindle Blastspark |       |       |       |     7 ||     7
 Invoke: Recall Ancestor   |       |     2 |     1 |     2 ||     5
         Ancestor Identity |       |     1 |       |       ||     1
         Ancestor Life: He |       |       |     1 |       ||     1
  Evoke: Wand              |       |       |       |     4 ||     4
    Use: Potion            |     1 |     1 |     8 |    22 ||    32
         Scroll            |       |     3 |    14 |    13 ||    30
   Stab: Sleeping          |       |     3 |       |       ||     3
         Distracted        |       |     1 |     2 |     1 ||     4
         Confused          |       |       |     3 |       ||     3
 Armour: Skin              |     2 |     4 |     6 |     3 ||    15
  Dodge: Dodged            |    21 |    10 |    29 |     6 ||    66
  Block: Kite shield       |       |       |   120 |   120 ||   240
         Buckler           |       |       |     2 |       ||     2

Table legend: (Time is in decaauts)
 A = Elapsed time spent in this place.
 B = Non-inter-level travel time spent in this place.
 C = Inter-level travel time spent in this place.
 D = Time resting spent in this place.
 E = Time spent auto-exploring this place.
 F = Levels seen in this place.
 G = Mean time per level.
                   A        B        C        D        E       F      G
               +--------+--------+--------+--------+--------+-----+--------+
         Total |  16830 |  16019 |    811 |   5323 |   7451 |  13 | 1294.6 |
       Dungeon |  12443 |  11652 |    791 |   3430 |   6060 |   9 | 1382.6 |
        Temple |      1 |      1 |      0 |      0 |      0 |   1 |    1.0 |
  Orcish Mines |   3424 |   3405 |     19 |   1581 |    962 |   2 | 1712.0 |
         Sewer |    961 |    961 |      0 |    312 |    429 |   1 |  961.0 |
               +--------+--------+--------+--------+--------+-----+--------+

Top non-repeatable levels by time:
   Orc:1: 3324 daAuts
     D:6: 2100 daAuts
     D:3: 1902 daAuts
     D:4: 1436 daAuts
     D:9: 1432 daAuts
     D:2: 1255 daAuts
     D:5: 1240 daAuts
     D:7: 1084 daAuts
     D:8: 1025 daAuts
     D:1: 966 daAuts
   Sewer: 961 daAuts
   Orc:2: 99 daAuts
  Temple: 1 daAuts
